 Dungeon Crawl Stone Soup version 0.26.1-2-gb8aa6d0cf2 (webtiles) character file.

Game seed: 8459784017659571053

668 FishyPogo the Stinger (level 7, -5/47 HPs)
             Began as a Demonspawn Venom Mage on Feb 23, 2021.
             Was a Follower of Vehumet.
             Slain by a gnoll sergeant
             ... wielding a +0 spear
              (8 damage)
             ... on level 5 of the Dungeon.
             The game lasted 00:19:25 (5645 turns).

FishyPogo the Stinger (Demonspawn Venom Mage)       Turns: 5645, Time: 00:19:25

Health: -5/47      AC:  5    Str:  8    XL:     7   Next: 32%
Magic:  8/15       EV: 12    Int: 19    God:    Vehumet [*.....]
Gold:   234        SH:  5    Dex: 13    Spells: 9/16 levels left

rFire    . . .     SeeInvis .   a - +3 short sword (drain)
rCold    . . .     Faith    .   (no shield)
rNeg     . . .     Spirit   .   r - +0 robe
rPois    .         Reflect  +   c - +1 helmet
rElec    .         Harm     .   (no cloak)
rCorr    .         Rampage  .   (no gloves)
Will     .....                  (no boots)
Stlth    ++........             m - amulet of reflection
HPRegen  0.15/turn              (no ring)
MPRegen  0.14/turn              (no ring)

@: very slightly contaminated
A: rugged brown scales 1, powered by death 2
a: Renounce Religion


You were on level 5 of the Dungeon.
You worshipped Vehumet.
Vehumet was aware of your devotion.
You visited 1 branch of the dungeon, and saw 6 of its levels.

You collected 234 gold pieces.

Inventory:

Hand Weapons
 a - a +3 short sword of draining (weapon)
Missiles
 b - 142 stones
 f - 24 poisoned darts
 y - 4 boomerangs
Armour
 c - a +1 helmet (worn)
 r - a +0 robe (worn)
Jewellery
 m - an amulet of reflection (around neck)
 C - an uncursed ring of fire
Scrolls
 g - a scroll of amnesia
 n - a scroll of immolation
 q - 5 scrolls of identify
 u - 2 scrolls of remove curse
Potions
 h - 2 potions of lignification {unknown}
 i - a potion of curing
 j - a potion of cancellation {unknown}
 k - a potion of heal wounds {unknown}
 p - a potion of attraction {unknown}
 v - a potion of degeneration {unknown}
 x - a potion of invisibility {unknown}
 z - a potion of resistance {unknown}
 A - a potion of flight {unknown}
 B - a potion of ambrosia {unknown}


   Skills:
 - Level 2.0 Dodging
 - Level 2.0 Stealth
 + Level 5.4 Spellcasting
 - Level 1.0 Transmutations
 + Level 6.3 Poison Magic


You had 9 spell levels left.
You knew the following spells:

 Your Spells              Type           Power        Failure   Level
a - Sting                 Tmut/Pois      76%          2%          1
b - Poisonous Vapours     Pois/Air       34%          4%          2
c - Mephitic Cloud        Conj/Pois/Air  13%          16%         3
d - Magic Dart            Conj           20%          12%         1

Your spell library contained the following spells:

 Spells                   Type           Power        Failure   Level
 Olgreb's Toxic Radiance  Pois           29%          9%          4
 Ignite Poison            Fire/Tmut/Pois 14%          13%         3


Dungeon Overview and Level Annotations

Branches:
Dungeon (6/15)
 Temple: D:4-7

Altars:
Nemelex Xobeh
Sif Muna
Vehumet
Zin

Annotations:
D:4 Grinder


Innate Abilities, Weirdness & Mutations

You are partially covered in rugged brown scales. (AC +1, +3% HP)
You regenerate health from kills.


Message History

* * * LOW HITPOINT WARNING * * *
Unknown command.
You barely miss the gnoll sergeant.
The gnoll sergeant is heavily wounded.
The gnoll sergeant hits you but does no damage.
Unknown command.
The gnoll sergeant hits you from afar with a +0 spear!
* * * LOW HITPOINT WARNING * * *
Things that are here:
a +0 club; a gnoll corpse
Casting: Sting (safe; 2% risk of failure)
Confirm with . or Enter, or press ? or * to list all spells.
Aiming: Mephitic Cloud (dangerous; 16% risk of failure)
Press: ? - help, Shift-Dir - straight line, f/p - gnoll sergeant
Aim: a gnoll sergeant, wielding a +0 spear and wearing a +0 scale mail (heavily wounded, very poisoned)
You miscast Mephitic Cloud.
You are very lightly contaminated with residual magic.
Nothing appears to happen.
The gnoll sergeant hits you from afar with a +0 spear!
You die...

#.g+,,_,,+,******,***,,*,
#g##,,,,,*** *,,,,,**,,,
#.#*,,,,,******,*,,,,***,
#.#*******,,,,,,*,,*,,,,,
#.# ###*******,,*,,*,,,,,
#.# #..,,,,,,,,,*,,*<,,,,
#.###.####*****,*,,*,,,,,
#g##..g.<# *,,,**,,,,,
#.##..##@# *,,,+,,,,**
#.##..##.# *,,,*,,,***
#.##..##### *,,,*,,,***
#..g....?.# *,,,,,,,,,*
#########.# *,,,,,,,,,,
*,* **,,,,≈≈≈,,
*******+******,,,,,≈≈≈≈
*,,,,,,,,,,,**,≈,≈≈≈≈≈≈
*,,,,,,,,,,,**,,,≈≈≈≈≈≈


You could see a gnoll sergeant (very poisoned).

Vanquished Creatures
  Sigmund (D:4)
  Edmund (D:4)
  A jelly (D:4)
  A bullfrog zombie (D:6)
  3 orc priests (D:4)
  A worker ant (D:4)
  2 orc wizards (D:3)
  A gnoll (D:5)
  6 adders
  2 oozes
  An adder skeleton (D:4)
  5 worms
  A dart slug (D:3)
  A leopard gecko (D:3)
  7 orcs (D:4)
  2 giant cockroaches (D:4)
  12 hobgoblins
  2 jackals (D:1)
  10 kobolds
  2 quokkas (D:3)
  2 ball pythons
  6 bats
  3 frilled lizards (D:1)
  5 goblins
  5 rats
83 creatures vanquished.

Notes
Turn   | Place    | Note
-------+----------+-------------------------------------------
     0 | D:1      | FishyPogo the Demonspawn Venom Mage began the quest for the
                  | Orb.
     0 | D:1      | Reached XP level 1. HP: 13/13 MP: 3/3
    99 | D:1      | Reached skill level 1 in Transmutations
   366 | D:1      | Gained mutation: You regenerate a little health from kills.
                  | [demonic ancestry]
   366 | D:1      | Reached XP level 2. HP: 18/19 MP: 1/5
  1403 | D:2      | Reached XP level 3. HP: 8/24 MP: 0/6
  1773 | D:2      | Learned a level 3 spell: Mephitic Cloud
  1776 | D:2      | Learned a level 2 spell: Poisonous Vapours
  1795 | D:2      | Found a sparkling altar of Nemelex Xobeh.
  1936 | D:2      | Found a radiant altar of Vehumet.
  2220 | D:2      | Became a worshipper of Vehumet
  2320 | D:2      | Reached skill level 4 in Poison Magic
  2320 | D:2      | Reached XP level 4. HP: 19/30 MP: 3/8
  2807 | D:3      | Found a faded altar of an unknown god.
  3398 | D:3      | Reached XP level 5. HP: 17/35 MP: 6/10
  3404 | D:3      | HP: 1/35 [something (3)]
  4144 | D:4      | Noticed Sigmund
  4170 | D:4      | Reached skill level 5 in Poison Magic
  4299 | D:4      | Killed Sigmund
  4300 | D:4      | Gained mutation: You are partially covered in rugged brown
                  | scales. (AC +1, +3% HP) [demonic ancestry]
  4300 | D:4      | Reached XP level 6. HP: 11/42 MP: 6/12
  4765 | D:4      | Found a shimmering blue altar of Sif Muna.
  4795 | D:4      | Noticed Edmund
  4808 | D:4      | Killed Edmund
  4808 | D:4      | Reached * piety under Vehumet
  4808 | D:4      | Offered knowledge of Magic Dart by Vehumet.
  4809 | D:4      | Reached skill level 5 in Spellcasting
  4809 | D:4      | Reached skill level 6 in Poison Magic
  4809 | D:4      | Gained mutation: You regenerate health from kills. [demonic
                  | ancestry]
  4809 | D:4      | Reached XP level 7. HP: 39/47 MP: 4/14
  4811 | D:4      | Learned a level 1 spell: Magic Dart
  5148 | D:4      | Found a glowing silver altar of Zin.
  5242 | D:4      | Noticed Grinder
  5260 | D:3      | You fall into a shaft and drop 3 floors!
  5415 | D:5      | Entered Level 5 of the Dungeon
  5645 | D:5      | Slain by a gnoll sergeant

Illustrated notes

Levels and vault maps discovered:
D:1:      sevenhm_arrival_forest_fort_small_4, layout_loops_cross,
          minmay_tetromino_s2
D:2:      layout_loops_cross, fiery_altar_vehumet,
          nemelex_xobeh_ov_fountains_minmay
D:3:      layout_basic, chequers_ecumenical_altar_island
D:4:      layout_loops_cross, nicolae_overflow_hidden_temple,
          lemuel_crystal_altar, uniq_sigmund, uniq_edmund, uniq_grinder
D:5:      layout_basic, kennysheep_little_box, nicolae_qazlal_general_emergency,
          portal_sewer_entry_e, hangedman_decor_opposing
D:6:      layout_basic, grunt_dithmenos_shadows, lightli_temple_of_fire

Skill      XL: |  1  2  3  4  5  6 |
---------------+-------------------+-----
Transmutations | 1 |  1.0
Stealth        | 2 |  2.0
Dodging        | 2 |  2.0
Spellcasting   | 3 4 5 |  5.4
Poison Magic   | 4 5 6 |  6.3

Action                   |  1- 3 |  4- 6 |  7- 9 || total
-------------------------+-------+-------+-------++-------
Melee: Unarmed           |    39 |       |       ||    39
       Short sword       |    57 |    77 |    22 ||   156
 Cast: Sting             |    56 |    40 |     7 ||   103
       Poisonous Vapours |     5 |    22 |     5 ||    32
       Mephitic Cloud    |       |     1 |       ||     1
       Magic Dart        |       |       |    11 ||    11
  Use: Potion            |     1 |     2 |       ||     3
       Scroll            |       |       |    12 ||    12
 Stab: Sleeping          |     3 |     2 |     1 ||     6
Armor: Robe              |    26 |    11 |    11 ||    48
Dodge: Dodged            |    73 |    49 |    20 ||   142
Block: Other             |     3 |    20 |    11 ||    34
       Reflection        |       |     1 |     2 ||     3
